Cogmind - Beta 15 @@@ ROGUE MODE // 2025.07.23 @ 17:12:32 Player: jumpy Result: Destroyed by S-10 Pest with Light Assault Rifle Performance ------------- Evolutions (2) 1000 Regions Visited (6) 1200 Robots Destroyed (29) 145 Value Destroyed (455) 455 Prototype IDs (24) 480 Alien Tech Used (0) 0 Bonus (321) 321 TOTAL SCORE: 3601 Bonus ------- Follower Combat Kills 21 Aligned with FarCom 300 Cogmind --------- Core Integrity 0/550 Matter 246/300 Energy 83/100 System Corruption 0% Temperature Cool (0) Movement Core (50) Location -8/Materials Parts ------- > --- POWER (1) -------- (None) > --- PROPULSION (4) --- (None) > --- UTILITY (4) ------ Improved Terrain Scanner Improved Terrain Scan Processor > --- WEAPON (2) ------- (None) > --- INVENTORY (5) ---- Light Ion Engine Seismic Detector 0b10 Alert Chip Cloak of Protection Plasma Cutter Peak State ------------ > --- POWER ------------ (None) > --- PROPULSION ------- Compact Wheel Compact Wheel > --- UTILITY ---------- Small Storage Unit Improved Terrain Scanner Improved Terrain Scan Processor > --- WEAPON ----------- Particle Cannon > --- INVENTORY -------- Light Ion Engine Seismic Detector 0b10 Alert Chip Cloak of Protection Plasma Cutter [Rating: 12] Favorites ----------- Power Ion Engine Engine Ion Engine Propulsion Aluminum Leg Leg Aluminum Leg Wheel Compact Wheel Utility Small Storage Unit Device Seismic Detector Storage Small Storage Unit Processor Improved Terrain Scan Processor Protection Light Armor Plating Weapon Light Assault Rifle Energy Gun Beam Rifle Energy Cannon Particle Cannon Ballistic Gun Light Assault Rifle Launcher Improved Grenade Launcher Build | -11 -10 -9 -9 -9 -8 -8 ------- Run | Yrd Mat Mat Min Exi Min Mat Slots Evolved 4 | . . 2 . . . 2 Power . | . . . . . . . Propulsion 2 | . . 1 . . . 1 Utility 2 | . . 1 . . . 1 Weapon . | . . . . . . . Parts Attached 20 | 7 1 4 . 2 . 6 Power 4 | 1 1 2 . . . . Engine 4 | 1 1 2 . . . . Core . | . . . . . . . Reactor . | . . . . . . . Propulsion 5 | 2 . 1 . 2 . . Treads . | . . . . . . . Leg 3 | 2 . 1 . . . . Wheel 2 | . . . . 2 . . Hover . | . . . . . . . Flight . | . . . . . . . Utility 6 | 2 . . . . . 4 Device 3 | 1 . . . . . 2 Storage 1 | 1 . . . . . . Processor 1 | . . . . . . 1 Hackware . | . . . . . . . Protection 1 | . . . . . . 1 Artifact . | . . . . . . . Weapon 5 | 2 . 1 . . . 2 Energy Gun 1 | . . 1 . . . . Energy Cannon 1 | . . . . . . 1 Ballistic Gun 2 | 2 . . . . . . Ballistic Cannon . | . . . . . . . Launcher 1 | . . . . . . 1 Special Weapon . | . . . . . . . Impact Weapon . | . . . . . . . Slashing Weapon . | . . . . . . . Piercing Weapon . | . . . . . . . Special Melee Weapon . | . . . . . . . Unidentified Prototypes 1 | . . 1 . . . . Parts Lost 16 | . 2 8 . . . 6 Power 3 | . 1 2 . . . . Propulsion 6 | . . 4 . . . 2 Utility 4 | . 1 . . . . 3 Weapon 3 | . . 2 . . . 1 Highest Loss Streak 4 | . 2 3 . . . 4 To Critical Strikes . | . . . . . . . Average Backups 4 | 3 4 5 6 5 6 5 Power . | . . . 1 1 1 1 Propulsion 1 | 1 2 2 2 . . . Utility 2 | . 2 2 2 2 4 3 Weapon . | . . . . . . . Tool/Special . | . . . . . . . Unused Backups 5 | . . . . . . 5 Power 1 | . . . . . . 1 Propulsion . | . . . . . . . Utility 3 | . . . . . . 3 Weapon . | . . . . . . . Tool/Special 1 | . . . . . . 1 Average Slot Usage (%) 46 | . 87 48 11 25 33 28 Engine 5 | . 14 8 . . . . Leg 11 | . 28 14 . . . . Wheel 5 | . . . . 14 22 9 Storage 10 | . 14 11 11 11 11 5 Energy Gun 1 | . . 5 . . . . Ballistic Gun 9 | . 28 9 . . . . Peak Build Rating 12 | 7 7 7 1 5 5 12 Average Rating 5 | 5 6 4 1 3 5 6 On Entrance 3 | . 7 6 1 1 5 5 Naked Turns . | . . . . . . . Heaviest Build 14 | 13 13 14 5 5 5 13 Greatest Support 32 | 20 20 30 3 32 32 32 Greatest Overweight (x) 3 | . . 3 1 1 . 1 Average Overweight (x) . | . . . 1 . . . Largest Inventory Capacity 8 | 8 8 8 8 8 8 8 Average Capacity 7 | 7 8 8 8 8 8 6 Most Carried 7 | 6 5 7 6 6 6 6 Average Carried 4 | 3 4 5 6 5 6 5 Final Capacity 8 | 8 8 8 8 8 8 5 Final Carried 6 | 5 5 6 6 6 6 5 Class Distribution -------------------- 100% | Mutant Dominant Class ---------------- Mutant | -10/Materials Mutant | -9/Materials Mutant | -9/Mines Mutant | -9/Exiles Mutant | -8/Mines Mutant | -8/Materials Resources | -11 -10 -9 -9 -9 -8 -8 ----------- Run | Yrd Mat Mat Min Exi Min Mat Matter Collected 546 | 338 80 74 . . . 54 Remotely . | . . . . . . . Salvage Created 816 | 232 215 233 . . . 136 Parts 53 | 21 15 11 . . . 6 Haulers Intercepted 1 | . . 1 . . . . Recyclers Shooed 1 | . 1 . . . . . Parts Field Recycled . | . . . . . . . Retrieved Matter . | . . . . . . . Parts Self-Destructed . | . . . . . . . Prevented . | . . . . . . . Kills | -11 -10 -9 -9 -9 -8 -8 ------- Run | Yrd Mat Mat Min Exi Min Mat Combat Hostiles Destroyed 16 | . 7 6 . . . 3 Guns 12 | . 7 5 . . . . Cannons 1 | . . . . . . 1 AOE 2 | . . . . . . 2 Classes Destroyed 8 | 2 4 2 . . . . Worker 2 | . 1 . . . . 1 Tunneler 7 | 7 . . . . . . Hauler 1 | . . 1 . . . . Recycler 2 | 1 . . . . . 1 Watcher 1 | . 1 . . . . . Swarmer 9 | . 3 4 . . . 2 Grunt 4 | . 4 . . . . . Sentry 3 | . . 2 . . . 1 Best Kill Streak 5 | 3 3 5 . . . 3 Combat Bots Only 5 | . 3 5 . . . 2 Max Kills in Single Turn 2 | 1 1 1 . . . 2 Gunslinging . | . . . . . . . Exploded 1 | . . . . . . 1 Melee . | . . . . . . . Uniques/NPCs Destroyed . | . . . . . . . Combat | -11 -10 -9 -9 -9 -8 -8 -------- Run | Yrd Mat Mat Min Exi Min Mat Hostile Shots Fired 260 | . 54 87 . . 2 117 Missed 84 | . 16 24 . . 2 42 Hits 176 | . 38 63 . . . 75 Projectile 176 | . 38 63 . . . 75 Critical Strikes 2 | . 1 . . . . 1 Damage Taken 2098 | . 452 751 . . . 895 Core 949 | . 125 266 . . . 558 Absorbed by Shields . | . . . . . . . Core Remaining (%) 61 | 100 50 . . . 33 . Volleys Fired 117 | 34 40 33 . . . 10 Largest 2 | 2 2 2 . . . 1 Hottest 76 | 40 40 76 . . . 68 Shots Fired 218 | 68 80 60 . . . 10 Gun 208 | 68 80 60 . . . . Cannon 7 | . . . . . . 7 Launcher 3 | . . . . . . 3 Special . | . . . . . . . Kinetic 192 | 68 80 44 . . . . Thermal 23 | . . 16 . . . 7 Explosive 3 | . . . . . . 3 Electromagnetic . | . . . . . . . Robot Hit Streak 18 | 18 6 14 . . . 14 Robot Miss Streak 4 | 4 4 4 . . . 2 Penetration Max . | . . . . . . . Secondary Targets 1 | . . 1 . . . . Max Gunslinging Chain 1 | . . 1 . . . . Shots Hit Robots 140 | 46 44 44 . . . 6 Core Hits 57 | 17 21 11 . . . 8 Critical Kills . | . . . . . . . Critical Parts Destroyed 1 | . 1 . . . . . Critical Strikes 5 | . 1 4 . . . . Burn 4 | . . 4 . . . . Destroy 1 | . 1 . . . . . Melee Attacks . | . . . . . . . Impact . | . . . . . . . Slashing . | . . . . . . . Piercing . | . . . . . . . Sneak Attacks . | . . . . . . . Combat Hostiles . | . . . . . . . Follow-up Attacks . | . . . . . . . Damage Inflicted 1546 | 387 385 414 . . . 360 Guns 1186 | 387 385 414 . . . . Cannons 122 | . . . . . . 122 Explosions 233 | . . . . . . 233 Melee . | . . . . . . . Ramming 5 | . . . . . . 5 Kinetic 1013 | 387 385 241 . . . . Thermal 295 | . . 173 . . . 122 Explosive 233 | . . . . . . 233 Electromagnetic . | . . . . . . . Impact . | . . . . . . . Slashing . | . . . . . . . Piercing . | . . . . . . . Highest Corruption . | . . . . . . . Average Corruption . | . . . . . . . Corruption Purged . | . . . . . . . Corruption Blocked . | . . . . . . . Overload Shots . | . . . . . . . Overflow Damage . | . . . . . . . Projectiles . | . . . . . . . Explosions . | . . . . . . . Melee . | . . . . . . . Knockbacks . | . . . . . . . Impact . | . . . . . . . Kinetic . | . . . . . . . Secondary . | . . . . . . . Self-Inflicted Damage 55 | . . . . . . 55 Shots 1 | . . . . . . 1 Rammed 1 | . . . . . . 1 Targets Rammed 1 | . . . . . . 1 Kicked . | . . . . . . . Crushed . | . . . . . . . Highest Temperature 67 | . 42 67 . . . 60 Average Temperature 18 | . 11 21 . . . 30 Received Heat Transfer 678 | . 219 234 . . . 225 Siege Activations . | . . . . . . . Martial Activations . | . . . . . . . Shielding Activations . | . . . . . . . Robots Disrupted . | . . . . . . . Combat Hostiles . | . . . . . . . Robots Corrupted . | . . . . . . . Combat Hostiles . | . . . . . . . Parts Fried . | . . . . . . . Impact Corruptions . | . . . . . . . Robots Melted 1 | . . 1 . . . . Combat Hostiles 1 | . . 1 . . . . Parts Melted 5 | . . 4 . . . 1 Heat Transferred 962 | . . 740 . . . 222 Parts Sabotaged . | . . . . . . . Parts Stolen . | . . . . . . . Parts Stripped . | . . . . . . . Power Chain Reactions . | . . . . . . . Alert | -11 -10 -9 -9 -9 -8 -8 ------- Run | Yrd Mat Mat Min Exi Min Mat Maximum Alert Level 1 | . . . . . . 1 Low Security (%) 99 | 100 100 100 100 . 100 97 Level 1 . | . . . . . . 2 Level 2 . | . . . . . . . Level 3 . | . . . . . . . Level 4 . | . . . . . . . Level 5 . | . . . . . . . High Security . | . . . . . . . Max Security . | . . . . . . . Peak Influence 203 | 10 85 95 14 . 78 203 Initial 31 | . . 31 14 . . 29 Average 22 | . 19 30 4 . 11 51 Influence Increases 830 | 40 192 222 . . 78 298 Destroy 0b10 Robot/C 380 | . 140 120 . . 60 60 Destroy 0b10 Robot/NC 65 | 40 10 5 . . . 10 Destroy Leader 84 | . 22 32 . . 10 20 Allied During Kill 8 | . . . . . 8 . Successful Hack 10 | . 5 5 . . . . Destroy Structure 28 | . . . . . . 28 Lose Combat Pursuer 255 | . 15 60 . . . 180 Influence Decreases 627 | 40 117 260 37 . . 173 Entered New Map 116 | . . 44 23 . . 49 Time Decay 419 | 40 107 169 14 . . 89 Lost Part 92 | . 10 47 . . . 35 Squads Dispatched 2 | . . 1 . . . 1 Investigation . | . . . . . . . Extermination . | . . . . . . . Reinforcement 2 | . . 1 . . . 1 Assault . | . . . . . . . Garrison . | . . . . . . . Intercept . | . . . . . . . Searches Triggered . | . . . . . . . Construction Impeded . | . . . . . . . Haulers Reinforced . | . . . . . . . Active Scanning Responses . | . . . . . . . Cargo Convoy Interrupts . | . . . . . . . Stealth | -11 -10 -9 -9 -9 -8 -8 --------- Run | Yrd Mat Mat Min Exi Min Mat Distress Signals 3 | . 1 1 . . . 1 Communications Jammed . | . . . . . . . Distress Signals . | . . . . . . . Times Spotted 50 | . 9 13 . . 3 25 Peak Tracking Total 11 | . 3 5 . . 3 11 Tactical Retreats 6 | . 1 2 . . . 3 Traps | -11 -10 -9 -9 -9 -8 -8 ------- Run | Yrd Mat Mat Min Exi Min Mat Traps Triggered . | . . . . . . . Indirectly . | . . . . . . . Trap Hack Attempts . | . . . . . . . Triggered . | . . . . . . . Disarmed . | . . . . . . . Reprogrammed . | . . . . . . . Reused . | . . . . . . . Traps Extracted . | . . . . . . . Installed . | . . . . . . . Triggered . | . . . . . . . Machines | -11 -10 -9 -9 -9 -8 -8 ---------- Run | Yrd Mat Mat Min Exi Min Mat Machines Disabled . | . . . . . . . Max in Single Turn . | . . . . . . . Machines Repaired . | . . . . . . . Machines Dismantled . | . . . . . . . Machines Sabotaged . | . . . . . . . Overloaded Fab Kills . | . . . . . . . Hacking | -11 -10 -9 -9 -9 -8 -8 --------- Run | Yrd Mat Mat Min Exi Min Mat Machines Accessed 3 | . 1 1 . 1 . . Terminals 2 | . 1 1 . . . . Fabricators . | . . . . . . . Repair Stations . | . . . . . . . Recycling Units . | . . . . . . . Scanalyzers . | . . . . . . . Garrison Access . | . . . . . . . Total Hacks 6 | . 2 3 . 1 . . Successful 4 | . 1 2 . 1 . . Failed 2 | . 1 1 . . . . Catastrophic . | . . . . . . . Database Lockouts . | . . . . . . . Manual 5 | . 2 2 . 1 . . Terminals 5 | . 2 3 . . . . Fabricators . | . . . . . . . Repair Stations . | . . . . . . . Recycling Units . | . . . . . . . Scanalyzers . | . . . . . . . Garrison Access . | . . . . . . . Terminal Hacks 2 | . . 1 . 1 . . Transport Status 1 | . . 1 . . . . Proto ID Catalog 1 | . . . . 1 . . Fabricator Hacks . | . . . . . . . Repair Station Hacks . | . . . . . . . Recycling Unit Hacks . | . . . . . . . Scanalyzer . | . . . . . . . Garrison Access Hacks . | . . . . . . . Unauthorized Hacks 2 | . 1 1 . . . . Terminals 2 | . 1 1 . . . . Botnet 2 | . 1 1 . . . . Fabricators . | . . . . . . . Repair Stations . | . . . . . . . Recycling Units . | . . . . . . . Scanalyzers . | . . . . . . . Garrison Access . | . . . . . . . Data Cores Recovered . | . . . . . . . Used . | . . . . . . . Hacking Detections 2 | . 1 1 . . . . Full Trace Events . | . . . . . . . Feedback Events . | . . . . . . . Feedback Blocked . | . . . . . . . Robot Schematics Acquired . | . . . . . . . Robots Built . | . . . . . . . Authchips . | . . . . . . . Time . | . . . . . . . Total Robot Build Rating . | . . . . . . . Part Schematics Acquired . | . . . . . . . Parts Built . | . . . . . . . Authchips . | . . . . . . . Time . | . . . . . . . Total Part Build Rating . | . . . . . . . Parts Repaired . | . . . . . . . Time . | . . . . . . . Parts Recycled . | . . . . . . . Recycled Matter . | . . . . . . . Retrieved Matter . | . . . . . . . Retrieved Components . | . . . . . . . Parts Scanalyzed . | . . . . . . . Part Schematics Acquired . | . . . . . . . Parts Damaged . | . . . . . . . Bothacking | -11 -10 -9 -9 -9 -8 -8 ------------ Run | Yrd Mat Mat Min Exi Min Mat Used RIF Installer . | . . . . . . . Robots Hacked . | . . . . . . . Non-combat . | . . . . . . . Combat . | . . . . . . . Robot Hacks Applied . | . . . . . . . Relay Couplers Released . | . . . . . . . Fabnet Peak Effective % . | . . . . . . . Robots Rewired . | . . . . . . . Allies Hacked . | . . . . . . . Hacks Repelled . | . . . . . . . Allies | -11 -10 -9 -9 -9 -8 -8 -------- Run | Yrd Mat Mat Min Exi Min Mat Total Allies 5 | . . . 5 . . . Largest Group 5 | . . . 5 4 2 . Highest-Rated Group 87 | . . . 87 79 32 . Highest-Rated Ally 31 | . . . 31 31 16 . Total Orders . | . . . . . . . Ally Attacks 11 | . . . . . 11 . Total Damage 43 | . . . . . 43 . Kills 3 | . . . . . 3 . Allies Corrupted . | . . . . . . . Allies Melted . | . . . . . . . Intel | -11 -10 -9 -9 -9 -8 -8 ------- Run | Yrd Mat Mat Min Exi Min Mat Active Infowar (turns) 164 | 53 54 . . . . 57 Terrain 57 | . . . . . . 57 Seismic 107 | 53 54 . . . . . Robot Analysis Total . | . . . . . . . Derelict Logs Recovered . | . . . . . . . Drone Launches . | . . . . . . . Drone Recoveries . | . . . . . . . Exploration | -11 -10 -9 -9 -9 -8 -8 ------------- Run | Yrd Mat Mat Min Exi Min Mat Turns Passed 1676 | 334 295 464 81 260 30 212 Spaces Moved 1183 | 191 154 258 61 241 29 249 Core 354 | 4 . 67 61 75 . 147 Treads . | . . . . . . . Legs 532 | 187 154 191 . . . . Wheels 297 | . . . . 166 29 102 Hover . | . . . . . . . Flight . | . . . . . . . Fastest Speed 50 | 50 120 100 100 100 100 50 Average Speed 107 | 118 120 137 100 100 100 71 Slowest Speed 200 | 120 120 200 100 100 100 100 Overloaded Moves . | . . . . . . . Propulsion Burnouts . | . . . . . . . Robots Hopped . | . . . . . . . Potential Cave-ins 1 | . . . . . . 1 Cave-ins Triggered . | . . . . . . . Exploration Rate (%) 26 | 6 30 26 20 61 15 30 Regions Visited 6 Branch Regions 3 Pre-discovered Areas . | . . . . . . . Known Exits Taken . | . . . . . . . Unknown Exits Taken 6 | 1 1 1 1 1 1 . Scrap Searched . | . . . . . . . Spaces Dug . | . . . . . . . Terrain Destroyed 35 | . . . . . . 35 Melee . | . . . . . . . Projectile . | . . . . . . . AOE 35 | . . . . . . 35 Terrain Rammed . | . . . . . . . Walls Destroyed . | . . . . . . . Machines Disabled . | . . . . . . . Actions | -11 -10 -9 -9 -9 -8 -8 --------- Run | Yrd Mat Mat Min Exi Min Mat Total 1398 | 241 200 314 81 260 30 272 Wait 67 | 3 5 15 21 16 2 5 Move 1177 | 190 153 257 60 240 28 249 Hop . | . . . . . . . Pick Up 11 | 6 1 2 . 2 . . Fast Attach 15 | 7 . 3 . . . 5 Attach 5 | . 1 1 . 2 . 1 Detach . | . . . . . . . Swap 1 | . . 1 . . . . Drop 4 | 1 . 2 . . . 1 Fire 117 | 34 40 33 . . . 10 Melee . | . . . . . . . Ram 1 | . . . . . . 1 Kick . | . . . . . . . Crush . | . . . . . . . Escape Stasis . | . . . . . . . Rewire . | . . . . . . . Trap . | . . . . . . . Miscellaneous . | . . . . . . . Route ------- -11/Scrapyard -10/Materials -9/Materials -9/Mines -9/Exiles -8/Mines -8/Materials History --------- Turn | Location | Event 6 | -11/Scrapyard | Discovered new exit (range 16) 335 | -11/Scrapyard | Entered Materials 340 | -10/Materials | Build established: Mutant 623 | -10/Materials | Discovered new exit (range 5) 630 | -10/Materials | Entered another Materials area 630 | -9/Materials | Evolved 2 slots: Propulsion x1, Utility x1 879 | -9/Materials | Lost 3 parts (1p1n1w) 1048 | -9/Materials | Core integrity fell below 50% 1068 | -9/Materials | Lost 3 parts (1p1n1w) 1086 | -9/Materials | Discovered new exit (range 8) 1094 | -9/Materials | Entered Mines 1125 | -9/Mines | Assisted by bots powering up and referring to "LRC-V3" 1149 | -9/Mines | Deemed a non-threat by the Exiles lab entrance 1150 | -9/Mines | Discovered new exit (range 5) 1175 | -9/Mines | Entered Exiles 1175 | -9/Exiles | Accompanied by 4 allies 1200 | -9/Exiles | Met 8R-AWN 1205 | -9/Exiles | Led the pair of lost Derelicts to a safe place 1216 | -9/Exiles | Met EX-HEX 1250 | -9/Exiles | Met EX-BIN 1266 | -9/Exiles | Aligned with FarCom system 1267 | -9/Exiles | Given EX-Vault access code 1294 | -9/Exiles | Opened EX-Vault 1301 | -9/Exiles | Found 0b10 Alert Chip 1322 | -9/Exiles | Found Cloak of Protection 1337 | -9/Exiles | Exiles lab attacked by MAIN.C 1407 | -9/Exiles | Discovered new exit (range 12) 1435 | -9/Exiles | Stole two prototypes: 0b10 Alert Chip, Cloak of Protection 1435 | -9/Exiles | Entered Mines 1435 | -8/Mines | Accompanied by 2 allies 1456 | -8/Mines | Discovered new exit (range 10) 1465 | -8/Mines | Entered Materials 1465 | -8/Materials | Evolved 2 slots: Propulsion x1, Utility x1 1624 | -8/Materials | Lost 4 parts (1n3u) 1634 | -8/Materials | Core integrity fell below 50% 1658 | -8/Materials | Core integrity fell below 20% 1677 | -8/Materials | Destroyed by S-10 Pest with Light Assault Rifle Last Messages --------------- 01553_ Heat Sink melted. 01553_ Y-45 Defender destroyed. 01557_ Acquired 45 matter. 01559_ Acquired Lgt. Armor Plating. 01561_ Acquired 9 matter. 01579_ R-06 Scavenger destroyed. 01591_ Sml. Storage Unit destroyed. 01591_ Com. Wheel destroyed. 01591_ Lgt. Armor Plating destroyed. 01591_ S-10 Pest destroyed. 01593_ Imp. Terrain Scanner destroyed. 01594_ Dropped Particle Cannon. 01595_ Slammed into U-05 Engineer. 01595_ M-13 Machinist repairs G-47 Trooper. 01635_ Acquired Imp. Grenade Launcher. 01637_ K-01 Serf destroyed. 01637_ S-10 Pest destroyed. 01642_ Imp. Grenade Launcher destroyed. 01672_ S-10 Pest destroyed. 01675_ Acquired Imp. Terrain Scanner. Map ----- +----------------------------------------------------+ | ???????????????????????????????? ??????????????? | | ???????????????????????????????? #?????????????? | | ???????????????????????????????? #?????????????? | | ???????????????????????????????? +?????????????? | | ???????????????????????????????? #?????????????? | | ???????????????????????????????? #?????????????? | | ???????????????????????????????# #?????????????? | | ???????????????????????????????# #?????????????? | | ???????????????????????????????# #?????????????? | | ??????????# ???????????#?????# #?????????????? | | ??????????# ???????????# ????# #?????????????? | | ??????????# ???????????# "???# #?????????????? | | ??????????# ???????????? ??# #?????????????? | | ???????#### ???###########+### #? ???????????? | | ???????? ???# #?"???????????? | | ????????? #??# w # ????????????? | | ?????????? #??# # ????????????? | | ??????????# #??# ########### /?????????????? | | ??????????# #??# #?????????#% #?????????????? | | ??????????# #?## #?????????# #?????????????? | | ??????????# #### #?????????# #???? ????????? | | ??????????# #??######## #?????????????? | | ??????????# g #??# # #?????????????? | | ########??# #??# """ #s #?????????????? | | #??# ########??# """ + #?????????????? | | ##### #??# #?????????#@ """s# #?? ??????????? | | #???# #??# #?????????# s # #?????????????? | | ##???# #?## ##????????# s # #?????????????? | | ????# #?# ################# #?????????????? | | "????# ### # #?????# #?????????????? | | ""???# gY T + ] "T" #???#?# #?????????????? | | ""???# ### # ] """ #?????# +???"?????????? | | ??# #?# ! # #?????# #?????????????? | | "T"??# #?#################?????# #?????????????? | | "????# #???????????????????????# #?????????????? | | ????# #???????????????????????? Y ?????????????? | | ##???# #???????????????????????? ????????????? | | ????# #???????????????????????? ?????????????? | | !*### ########????????????????? ??????????????? | | * #??????????????????????????????????? | | ###????????????????????????????????? | | ## #????????????????????????????????? | | =%% #????????????????????????????????? | | ## #????????????????????????????????? | | ?## ] """ #????????????????????????????????? | | ??# """ #????????????????????????????????? | | ??## ## """ #????????????????????????????????? | | ???##############????????????????????????????????? | | ?????????????????????????????????????????????????? | | ?????????????????????????????????????????????????? | +----------------------------------------------------+ Best States ------------- Heat Dissipation 31 Energy Generation 10 Energy Capacity 250 Matter Stores 300 Matter Capacity 300 Sight Range 16 Terrain Scan Range 16 Terrain Scan Density 110 Armor Coverage 150 Evasion (%) 55 Item Schematics ----------------- None Robot Schematics ------------------ None Fabricated ------------ Nothing Repaired ---------- Nothing Alien Tech Used ----------------- None Achievements -------------- None Challenges ------------ None Game ------ Seed CoilPropulsionRecalibrator Manual? 0 Play Time 00:10:48 Cumulative 185.8 hours Start 2025.07.23 @ 17:03:15 End 2025.07.23 @ 17:12:32 Sessions 1 Manual Loads 0 Difficulty Rogue Special Mode None Game No. 448 Rogue 448 Adventurer 0 Explorer 0 Win Type - Total 8 Types 6/0/1/1/0/0/0/0/0/0 Lore% 74 Gallery% 65 Achievement% 51 Wizard Run 0 Options --------- Layout 0 ASCII 0 Keyboard 0 Movement Numpad Keybinds 0 Fullscreen 2 Font 18/Terminus Map View 76x50 Zoom Use 0% Tactical HUD 1 Map Filters NONE Filters SATURATION(100) Steam 1 RUN: 7c5f3035-384e-474c-b70d-2020c98ea6a9